 Dungeon Crawl Stone Soup version 0.21-a0-110-g8e1637b (webtiles) character file.

400 MackTheKnife the Magician (level 6, -8/48 HPs)
             Began as a Deep Elf Air Elementalist on July 9, 2017.
             Mangled by an ogre
             ... wielding a +0 giant spiked club
              (13 damage)
             ... on level 3 of the Dungeon.
             The game lasted 00:07:01 (2947 turns).

MackTheKnife the Magician (DEAE)                    Turns: 2947, Time: 00:07:02

Health: -8/48      AC: 23    Str:  5    XL:     6   Next: 54%
Magic:  2/16       EV:  2    Int: 22    God:
Gold:   95         SH:  0    Dex: 15    Spells: 6/16 levels left

rFire    . . .     SeeInvis .   g - +0 scythe
rCold    . . .     Gourm    .   (shield currently unavailable)
rNeg     + + +     Faith    .   (armour currently unavailable)
rPois    +         Spirit   .   (helmet currently unavailable)
rElec    .         Reflect  .   (cloak currently unavailable)
rCorr    .         Harm     .   (gloves currently unavailable)
MR       .....     NoTele   +   (boots currently unavailable)
Stlth    +.........             (no amulet)
HPRegen  0.16/turn              e - ring of loudness (curse) {Stlth-}
MPRegen  0.15/turn              p - +2 ring of evasion

@: tree-form
A: no striking features
a: no special abilities


You were on level 3 of the Dungeon.
You were hungry.
You were a tree.
You visited 1 branch of the dungeon, and saw 3 of its levels.

You collected 95 gold pieces.

Inventory:

Hand Weapons
 g - a +0 scythe (weapon)
   (You took it off Sigmund on level 2 of the Dungeon)
Armour
 a - a +0 robe (melded)
 h - a +1 pair of gloves (melded)
   (You found it on level 1 of the Dungeon)
Jewellery
 e - a cursed ring of loudness (left branch) {Stlth-}
   (You found it on level 1 of the Dungeon)
 p - a +2 ring of evasion (right branch)
   (You found it on level 3 of the Dungeon)
Scrolls
 q - a scroll of teleportation {unknown}
Potions
 j - a potion of flight {unknown}
 m - a potion of curing {unknown}
 n - 2 potions of agility {unknown}
 o - a potion of heal wounds {unknown}
Books
 b - a book of Air
Comestibles
 c - 4 bread rations {@e1}
 f - a royal jelly
 i - a fruit
 k - a meat ration {@e2}
 l - 2 chunks of flesh {@w0}


   Skills:
 - Level 2.4 Dodging
 - Level 2.4 Stealth
 + Level 5.9 Spellcasting
 + Level 4.1 Conjurations
 + Level 5.0 Air Magic


You had 6 spell levels left.
You knew the following spells:

 Your Spells              Type           Power        Failure   Level  Hunger
a - Static Discharge      Conj/Air       ####....     4%          3    #......
b - Airstrike             Air            ####......   12%         4    ###....
s - Swiftness             Chrm/Air       ###.....     4%          2    None
z - Shock                 Conj/Air       ####         1%          1    None


Dungeon Overview and Level Annotations

Branches:
Dungeon (3/15)

Altars:
Hepliaklqana
Trog

Annotations:
D:1 exclusion: downstairs
D:2 exclusion: moth of wrath
D:3 Grinder, Purgy


Message History

You kill Terence!
Your Air Magic skill increases to level 5!
You now have 5/16 mp.
You see here a worm corpse.
You butcher the worm corpse.
l - 5 chunks of flesh {@w0} (gained 2)
Okay, then.
Things that are here:
a club; a goblin corpse Unknown command.
Wield which item (- for none, * to show all)? (? for menu, Esc to quit)
Okay, then.
Unknown command.
Things that are here:
a mace; a scale mail You start resting.
Your magical contamination has completely faded away.
You start resting.
Some of the chunks of flesh in your inventory have rotted away.
Health restored: 32; MP restored: 16
q - a scroll labeled ERGHIU HUONG A goblin comes into view.
It is wielding a club.
A goblin is nearby!
The goblin shouts!
The goblin throws a stone.
The stone barely misses you.
An adder comes into view.
The goblin throws a stone.
The stone misses you.
You see here a stone.
The adder hisses angrily.
Aim: an adder The zap misses the adder.
The zap hits the goblin.
You kill the goblin!
The adder closely misses you.
You now have 15/16 mp.
The adder is struck by lightning.
The lightning arcs!
You are struck by lightning.
The lightning arcs!
The adder is struck by lightning.
You kill the adder!
The lightning grounds out.
You take 3 damage, and have 29/32 hp.
You now have 12/16 mp.
Unknown command.
Grinder comes into view.
Grinder shouts!
You hear a shout!
You see here an adder corpse.
Okay, then.
Okay, then.
Really quaff
d - a potion of lignification {!q}?
You turn into a tree.
Your +1 pair of gloves melds into your body.
Your +0 robe melds into your body.
Your roots penetrate the ground.
A bat comes into view.
You now have 43/48 hp.
Unknown command.
Okay, then.
Unknown command.
Grinder is struck by lightning.
The lightning grounds out.
You are feeling hungry.
Grinder hits you but does no damage.
You now have 9/16 mp.
Unknown command.
Grinder is struck by lightning.
The lightning grounds out.
Grinder hits you but does no damage.
Unknown command.
You now have 6/16 mp.
Grinder is struck by lightning.
The lightning grounds out.
Grinder hits you.
An ogre comes into view. It is wielding a giant spiked club.
Unknown command.
You take 5 damage, and have 39/48 hp.
You now have 4/16 mp.
Grinder is struck by lightning.
The lightning grounds out.
Grinder says, "Tell me all your secrets, or I'll kill you."
Grinder hits you.
You take 4 damage, and have 35/48 hp.
You now have 1/16 mp.
Unknown command.
Aim: Grinder (severely wounded)
The zap hits Grinder.
The zap hits the bat.
Grinder hits you.
You take 5 damage, and have 30/48 hp.
You now have 0/16 mp.
You closely miss Grinder. Grinder hits you but does no damage.
Grinder gestures at you.
You suddenly lose the ability to move!
Grinder hits you.
You can move again.
You take 3 damage, and have 27/48 hp.
Unknown command.
You barely miss Grinder.
Grinder blinks!
You slash the ogre!
The ogre hits you with a giant spiked club!
Grinder says, "My boss said I was rubbish.
His entrails said otherwise."
The ogre hits you but does no damage. Grinder hits you but does no damage.
You take 7 damage, and have 20/48 hp.
You barely miss the ogre. Grinder completely misses you.
The ogre hits you with a giant spiked club!
* * * LOW HITPOINT WARNING * * *
Grinder blinks!
You take 7 damage, and have 13/48 hp.
Unknown command.
You barely miss the ogre.
The ogre hits you with a giant spiked club!
* * * LOW HITPOINT WARNING * * *
The ogre hits you with a giant spiked club!
You die...

#.#.##.###.##
#.#.###.#.## ..#.# ##.##
....####.#####
.......#......
...###........ #
...########### .#
.............#####..##..
...#######....(§♣Ob....#
.#.# #.#(#####.5....
.#.# ###.#.#####...###
.#.#####..............#
.....).)...#........ ...
....####(#######.##. ##
....# #.# # ....# #.#
....# #.#


You could see Grinder, an ogre and a bat.

Vanquished Creatures
  Sigmund (D:2)
  Jessica (D:2)
  Natasha (twice) (D:2)
  Terence (D:3)
  5 adders
  4 gnolls (D:3)
  4 worms
  A dart slug (D:2)
  A leopard gecko (D:2)
  3 ball pythons
  7 bats
  4 giant cockroaches
  6 hobgoblins
  3 frilled lizards (D:2)
  4 goblins
  4 kobolds (D:1)
  10 rats
61 creatures vanquished.

Notes
Turn   | Place    | Note
-------+----------+-------------------------------------------
     0 | D:1      | MackTheKnife the Deep Elf Air Elementalist began the quest for the Orb.
     0 | D:1      | Reached XP level 1. HP: 10/10 MP: 6/6
   250 | D:1      | Reached XP level 2. HP: 15/15 MP: 1/8
   315 | D:1      | Learned a level 2 spell: Swiftness
   959 | D:2      | Noticed Natasha
   961 | D:2      | Killed Natasha
   961 | D:2      | Reached skill level 2 in Conjurations
   961 | D:2      | Reached XP level 3. HP: 9/19 MP: 3/10
  1145 | D:2      | Noticed Sigmund
  1195 | D:2      | Learned a level 3 spell: Static Discharge
  1496 | D:2      | Found a faded altar of an unknown god.
  1530 | D:2      | Killed Sigmund
  1530 | D:2      | Reached skill level 5 in Spellcasting
  1530 | D:2      | Reached skill level 3 in Conjurations
  1530 | D:2      | Reached skill level 4 in Air Magic
  1530 | D:2      | Reached XP level 4. HP: 18/24 MP: 0/13
  1530 | D:2      | Reached XP level 5. HP: 21/28 MP: 0/14
  1647 | D:2      | Learned a level 4 spell: Airstrike
  1779 | D:2      | Noticed Jessica
  1781 | D:2      | Found a hazy altar of Hepliaklqana.
  1783 | D:2      | Killed Jessica
  1813 | D:2      | Noticed Natasha
  1817 | D:2      | Killed Natasha
  1817 | D:2      | Reached XP level 6. HP: 26/32 MP: 10/16
  1987 | D:2      | Noticed a moth of wrath
  2001 | D:2      | Found a bloodstained altar of Trog.
  2284 | D:3      | Noticed Purgy
  2292 | D:3      | HP: 8/32 [Purgy (9)]
  2292 | D:3      | HP: 3/32 [Purgy (1)]
  2644 | D:3      | Reached skill level 4 in Conjurations
  2847 | D:3      | Noticed Terence
  2851 | D:3      | Killed Terence
  2851 | D:3      | Reached skill level 5 in Air Magic
  2935 | D:3      | Noticed Grinder
  2942 | D:3      | Paralysed by Grinder for 3 turns
  2947 | D:3      | HP: 5/48 [ogre/giant spiked club (8)]
  2947 | D:3      | Mangled by an ogre

Vault maps used:
D:1:      dpeg_arrival_fog
D:2:      nicolae_overflow_crystal_walls, chequers_ecumenical_altar_island,
          tgw_trog, uniq_sigmund, uniq_jessica, uniq_natasha
D:3:      marbit_many_paths, uniq_purgy, uniq_terence, uniq_grinder

Skill      XL: |  1  2  3  4  5  6 |
---------------+-------------------+-----
Conjurations   | 2 3 4 |  4.1
Spellcasting   | 5 |  5.9
Air Magic      | 4 5 |  5.0
Dodging        | |  2.4
Stealth        | |  2.4

Action                   |  1- 3 |  4- 6 || total
-------------------------+-------+-------++-------
Melee: Unarmed           |     1 |       ||     1
       Mace              |    17 |       ||    17
       Scythe            |       |    56 ||    56
 Cast: Shock             |    56 |    37 ||    93
       Static Discharge  |     5 |    10 ||    15
       Swiftness         |     1 |       ||     1
       Airstrike         |       |     5 ||     5
  Use: Scroll            |     2 |       ||     2
       Potion            |     1 |     2 ||     3
  Eat: Chunk             |     1 |     6 ||     7
Armor: Robe              |    11 |    22 ||    33
       Skin              |     8 |     5 ||    13
Dodge: Dodged            |    32 |    84 ||   116

Vault maps used:
D:1:      dpeg_arrival_fog
D:2:      nicolae_overflow_crystal_walls, chequers_ecumenical_altar_island,
          tgw_trog, uniq_sigmund, uniq_jessica, uniq_natasha
D:3:      marbit_many_paths, uniq_purgy, uniq_terence, uniq_grinder

Table legend:
 A = Turns spent in this place as a percentage of turns spent in the entire game.
 B = Non-inter-level travel turns spent in this place as a percentage of non-inter-level travel turns spent in the entire game.
 C = Inter-level travel turns spent in this place as a percentage of turns spent in this place.
 D = Turns resting spent in this place as a percentage of non-inter-level travel turns spent in this place.
 E = Turns spent auto-exploring this place as a percentage of non-inter-level travel turns spent in this place.
 F = Non-inter-level travel turns spent in this place divided by the number of levels of this place that you've seen.
                   A       B       C       D       E      F
               +-------+-------+-------+-------+-------+----------------------
         Total | 100.0 | 100.0 |   1.3 |   5.4 |  11.1 | 229.0
       Dungeon | 100.0 | 100.0 |   1.3 |   5.4 |  11.1 | 229.0
               +-------+-------+-------+-------+-------+----------------------

Table legend:
 A = Kills in this place as a percentage of kills in entire the game.
 B = Kills by you in this place as a percentage of kills by you in the entire game.
 C = Kills by friends in this place as a percentage of kills by friends in the entire game.
 D = Other kills in this place as a percentage of other kills in the entire game.
 E = Experience gained in this place as a percentage of experience gained in the entire game.
 F = Experience gained in this place divided by the number of levels of this place that you have seen.
                   A       B       C       D       E      F
               +-------+-------+-------+-------+-------+----------------------
         Total | 100.0 | 100.0 |  -nan |  -nan | 100.0 | 190.7
       Dungeon | 100.0 | 100.0 |  -nan |  -nan | 100.0 | 190.7
               +-------+-------+-------+-------+-------+----------------------
